 Dungeon Sprint DCSS version 0.29.1-2-gbd0b4ee654 (webtiles) character file.

Game seed: 2701682451559042077

18 Groucho the Covered (level 2, 0/20 HPs)
             Began as a Gargoyle Fighter on Nov 16, 2022.
             Was a High Priest of Cheibriados.
             Slain by an ogre
             ... wielding a +0 giant club
              (19 damage)
             ... in the Dungeon (Sprint VII: "The Pits").
             The game lasted 00:02:13 (412 turns).

Groucho the Covered (Gargoyle Fighter)               Turns: 412, Time: 00:02:13

Health: 0/20       AC: 12    Str: 30    XL:     2   Next: 70%
Magic:  3/3        EV: 10    Int: 19    God:    Cheibriados [*****.]
Gold:   0          SH:  6    Dex: 20    Spells: 1/1 levels left

rFire   . . .      SeeInvis .   o - +2 hand axe
rCold   . . .      Faith    .   c - +0 buckler
rNeg    + . .      Spirit   .   q - +3 scale mail
rPois   ∞          Reflect  .   (no helmet)
rElec   +          Harm     .   (no cloak)
rCorr   .          Rampage  .   (no gloves)
Will    .....      NoTele   +   (no boots)
Stlth   ..........              (no amulet)
HPRegen 0.06/turn               (no ring)
MPRegen 0.08/turn               (no ring)

@: invisible, very slow
A: sickness immunity, AC +2, negative energy resistance 1, electricity
resistance, torment resistance 1, petrification resistance
a: Renounce Religion, Bend Time, Temporal Distortion, Slouch, Step From Time


You were in the Dungeon.
You worshipped Cheibriados.
Cheibriados was extremely pleased with you.
You visited 1 branch

Inventory:

Hand Weapons
 a - a +0 war axe
 b - a +1 mace of protection
 o - a +2 hand axe (weapon)
 p - a +2 mace
Missiles
 n - 15 stones (quivered)
Armour
 c - a +0 buckler (worn)
 q - a +3 scale mail (worn)
Scrolls
 j - a scroll of blinking
 l - 5 scrolls of amnesia
 m - a scroll of summoning
Potions
 d - a potion of might
 e - 6 potions of curing
 f - 6 potions of heal wounds
 g - a potion of haste
 h - 4 potions of magic
 i - 3 potions of berserk rage
 k - a potion of invisibility


   Skills:
 + Level 3.8 Fighting
 * Level 2.6 Axes
 * Level 4.1 Armour
 * Level 1.5 Dodging
 + Level 3.8 Shields
 * Level 1.9 Invocations


You had one spell level left.
You didn't know any spells.
Your spell library was empty.

Dungeon Overview and Level Annotations

Branches:
Dungeon (1/1)

Altars:
Ashenzari
Cheibriados
Dithmenos
Elyvilon
Fedhas
Gozag
Hepliaklqana
Kikubaaqudgha
Makhleb
Nemelex Xobeh
Okawaru
Qazlal
Ru
Sif Muna
Trog
Uskayaw
Vehumet
Wu Jian
Xom
Yredelemnul
Zin
The Shining One
Jiyva
Lugonu


Innate Abilities, Weirdness & Mutations

You are immune to sickness and miasma.
Your stone body is resilient. (AC +2)
You are immune to poison.
You resist negative energy. (rN+)
You are resistant to electric shocks. (rElec)
You are resistant to unholy torment.
You are immune to petrification.


Message History

You block the jackal's attack.
You closely miss the jackal.
The jackal is lightly wounded.
The jackal bites you.
You hit the jackal.
The jackal is moderately wounded.
You block the jackal's attack.
The jackal bites you but does no damage.
You hit the jackal.
The jackal is severely wounded.
The jackal bites you but does no damage.
You closely miss the jackal.
The jackal is severely wounded.
The jackal closely misses you.
The jackal bites you but does no damage.
You slash the jackal!
You kill the jackal!
Cheibriados thoroughly appreciates the change of pace.
Cheibriados raises the support of your attributes as your movement slows.
The jackal completely misses you.
An endoplasm comes into view.
Okay, then.
You completely miss the jackal.
The endoplasm quivers.
The jackal closely misses you. You block the jackal's attack.
Unknown command.
Unknown command.
You fade into invisibility!
The jackal barely misses you.
You hit the jackal.
You kill the jackal!
Cheibriados thoroughly appreciates the change of pace.
You can now step out of the flow of time.
Cheibriados raises the support of your attributes as your movement slows.
A wight comes into view. It is wielding a +0 battleaxe.
You hit the ogre.
The ogre is lightly wounded.
The ogre hits you with a +0 giant club!!
Ouch! That really hurt!
You die...

##########.##.....
#..........)'.....
#'#####)#####.....
#.#.....#..##.....
#.#.....#))#####'#
#.###'###))##.....
#.#.....#.)##.....
#.#.....#[[##.....
#@####'##'###...<.
#O#........##.....
#h#........##.....
#'###########.....
#J. ###### #..#
#z## #.. #.#


You could see an ogre (unable to see you), a wight (wandering, unable to see
you), an endoplasm and a jackal (unable to see you).

Vanquished Creatures
  An ufetubus (D)
  A bat skeleton (D)
  An endoplasm (D)
  A goblin (D)
  A hobgoblin (D)
  3 jackals (D)
  A quokka (D)
  A ball python (D)
  A frilled lizard (D)
  A kobold (D)
12 creatures vanquished.

Notes
Turn   | Place    | Note
-------+----------+-------------------------------------------
     0 | D        | Groucho the Gargoyle Fighter began the quest for the Orb.
     0 | D        | Reached XP level 1. HP: 14/14 MP: 1/1
    43 | D        | Found a bloodstained altar of Trog.
    43 | D        | Found a shimmering blue altar of Sif Muna.
    43 | D        | Found a viscous altar of Jiyva.
    43 | D        | Found a hazy altar of Hepliaklqana.
    43 | D        | Found an opulent altar of Gozag.
    44 | D        | Found a glowing golden altar of the Shining One.
    44 | D        | Found a glowing silver altar of Zin.
    44 | D        | Found a basalt altar of Yredelemnul.
    44 | D        | Found a shimmering altar of Xom.
    44 | D        | Found an ornate altar of the Wu Jian Council.
    44 | D        | Found a sacrificial altar of Ru.
    44 | D        | Found a stormy altar of Qazlal.
    44 | D        | Found an iron altar of Okawaru.
    44 | D        | Found a sparkling altar of Nemelex Xobeh.
    44 | D        | Found a burning altar of Makhleb.
    44 | D        | Found a blossoming altar of Fedhas.
    44 | D        | Found a white marble altar of Elyvilon.
    44 | D        | Found a shadowy altar of Dithmenos.
    44 | D        | Found a snail-covered altar of Cheibriados.
    46 | D        | Found a radiant altar of Vehumet.
    46 | D        | Found a corrupted altar of Lugonu.
    47 | D        | Found a hide-covered altar of Uskayaw.
    47 | D        | Found an ancient bone altar of Kikubaaqudgha.
    47 | D        | Found a broken altar of Ashenzari.
    55 | D        | Became a worshipper of Cheibriados the Contemplative
    79 | D        | Reached * piety under Cheibriados
   194 | D        | Reached ** piety under Cheibriados
   195 | D        | Reached skill level 1 in Dodging
   310 | D        | Reached *** piety under Cheibriados
   311 | D        | Reached skill level 4 in Armour
   311 | D        | Reached skill level 1 in Invocations
   311 | D        | Reached XP level 2. HP: 18/20 MP: 1/3
   399 | D        | Noticed an ogre
   402 | D        | Reached **** piety under Cheibriados
   411 | D        | Reached ***** piety under Cheibriados
   411 | D        | Noticed a wight
   412 | D        | Slain by an ogre

Illustrated notes

Levels and vault maps discovered:
D:        pitsprint [storerooms_1, entrance_room_1, metal_vault_6, armoury_2,
          mini_pit_1, grid_room_1, main_hall_1, silver_pit, the_coven_2,
          the_vestibule_1, steel_vault_5, golden_pit, hallway_of_sentries,
          crystal_vault_4, iron_vault_1, final_vault]

Skill      XL: |  1 |
---------------+----+-----
Axes           | 2 |  2.6
Dodging        | 1 |  1.5
Armour         | 4 |  4.1
Invocations    | 1 |  1.9
Fighting       | |  3.8
Shields        | |  3.8

Action                   || total
-------------------------++-------
Melee: Hand axe          ||    27
       War axe           ||     2
  Use: Potion            ||     1
Armor: Scale mail        ||    25
Dodge: Dodged            ||    19
Block: Buckler           ||    10
